Map: Romanticide LE

Players

MaNa

  • Race: Protoss Protoss

GunGFuBanDa - Winner!

  • Race: Protoss Protoss

Event: DreamHack SC2 Masters 2021 Fall

VOD

Have the link to the VOD?

Description

Time

  • Played on: July 31, 2021, 12:01 p.m.
  • Length: 14:17

All games in this series

Show
View Real Time Build Order
Export as new Build Order

MaNa Protoss 

Build Orders: Oracle Opening, Phoenix Opening 

Get SALT Encoding   

  12  0:00  Probe  
  13  0:12  Probe  
  14  0:17  Pylon  
  14  0:24  Probe (Chrono Boost)  
  15  0:36  Probe (Chrono Boost)  
  15  0:37  Gateway  
  16  0:44  Probe (Chrono Boost)  
  16  0:46  Assimilator  
  17  0:51  Probe  
  18  1:03  Probe (Chrono Boost)  
  19  1:04  Assimilator  
  20  1:11  Gateway  
  20  1:12  Probe (Chrono Boost)  
  20  1:17  Probe (Chrono Boost)  
  21  1:26  Cybernetics Core  
  21  1:29  Probe  
  22  1:35  Pylon  
  22  1:41  Probe  
  23  1:53  Probe  
  24  2:04  Sentry, Warp Gate (Chrono Boost)  
  24  2:07  Stalker  
  28  2:12  Pylon  
  28  2:16  Probe  
  29  2:34  Stalker  
  31  2:39  Phoenix  
  31  2:40  Nexus  
  30  2:49  Stargate  
  30  2:52  Probe  
  31  3:03  Shield Battery  
  31  3:06  Probe  
  31  3:09  Shield Battery  
  32  3:18  Probe  
  33  3:31  Oracle (Chrono Boost), Probe  
  34  3:38  Shield Battery  
  37  3:44  Shield Battery  
  37  3:48  Stalker  
  39  3:56  Probe  
  39  3:58  Oracle (Chrono Boost)  
  39  3:59  Stalker  
  45  4:05  Probe  
  45  4:08  Probe  
  45  4:17  Probe  
  45  4:26  Probe  
  45  4:29  Stalker x2, Probe  
  51  4:38  Probe  
  52  4:41  Probe  
  49  4:48  Phoenix  
  52  4:53  Probe (Chrono Boost)  
  52  4:54  Probe (Chrono Boost)  
  53  5:02  Probe (Chrono Boost)  
  53  5:05  Pylon  
  54  5:13  Pylon  
  54  5:23  Probe x2  
  56  5:34  Robotics Facility  
  56  5:35  Forge, Probe x2  
  55  5:44  Assimilator  
  55  5:48  Probe x2  
  57  5:54  Nexus  
  57  5:56  Pylon  
  57  6:00  Probe x2  
  59  6:10  Protoss Ground Weapons Level 1  
  59  6:12  Probe x2  
  61  6:19  Gateway  
  61  6:21  Gateway  
  61  6:23  Observer (Chrono Boost)  
  61  6:24  Probe  
  63  6:27  Probe  
  62  6:36  Probe (Chrono Boost)  
  62  6:39  Probe (Chrono Boost), Immortal (Chrono Boost)  
  68  6:48  Probe (Chrono Boost)  
  68  6:51  Probe (Chrono Boost)  
  69  6:54  Probe (Chrono Boost)  
  69  6:56  Probe (Chrono Boost)  
  69  6:58  Assimilator  
  71  7:03  Pylon  
  71  7:06  Probe x3 (Chrono Boost)  
  74  7:12  Twilight Council  
  74  7:15  Observer, Probe x2 (Chrono Boost), Immortal (Chrono Boost)  
  81  7:17  Probe (Chrono Boost)  
  81  7:20  Probe x2 (Chrono Boost)  
  83  7:26  Probe  
  84  7:32  Probe  
  84  7:33  Probe  
  86  7:39  Probe  
  86  7:42  Pylon  
  86  7:44  Pylon, Probe  
  88  7:45  Probe  
  88  7:46  Assimilator  
  88  7:48  Assimilator, Charge  
  88  7:50  Templar Archives  
  88  7:51  Probe  
  90  7:52  Immortal (Chrono Boost)  
  90  7:56  Shield Battery  
  94  8:04  Zealot  
  94  8:05  Zealot x3  
  102  8:10  Shield Battery  
  102  8:17  Protoss Ground Weapons Level 2 (Chrono Boost)  
  102  8:18  Gateway  
  102  8:19  Gateway  
  104  8:22  Gateway  
  104  8:23  Gateway  
  102  8:29  Warp Prism  
  104  8:35  High Templar x4  
  104  8:37  Probe x2  
  104  8:38  Archon  
  104  8:39  Archon  
  114  8:42  Photon Cannon  
  114  8:45  Pylon  
  114  8:48  Observer  
  114  8:49  Photon Cannon  
  114  9:08  Nexus  
  114  9:11  High Templar x4  
  114  9:14  Photon Cannon  
  114  9:15  Archon x2  
  122  9:17  Shield Battery  
  122  9:19  Zealot  
  122  9:22  Pylon  
  124  9:37  High Templar x2  
  125  9:40  High Templar x2  
  125  9:43  Archon  
  125  9:44  Archon, Zealot  
  125  9:45  Zealot, Archon  
  133  9:48  Pylon  
  133  9:50  Pylon  
  133  9:52  Pylon  
  132  10:04  Pylon  
  132  10:05  Pylon  
  132  10:06  Shield Battery  
  132  10:08  Zealot x6  
  132  10:09  Zealot  
  132  10:10  Zealot  
  120  10:29  Zealot x7  
  120  10:31  Zealot  
  120  10:33  Probe x2  
  120  10:34  Probe  
  134  10:44  Warp Prism  
  126  10:52  Zealot x4  
  122  10:58  Zealot x3  
  110  11:08  Zealot  
  96  11:19  High Templar x4  
  96  11:20  High Templar x2, Zealot  
  96  11:24  Archon x3  
  110  11:25  Photon Cannon  
  110  11:27  Protoss Ground Weapons Level 3 (Chrono Boost), Probe x2  
  110  11:29  Zealot  
  118  11:37  Gateway  
  114  11:42  High Templar x4  
  114  11:43  High Templar x2  
  114  11:44  Zealot  
  114  11:45  Observer  
  114  11:46  Archon x2  
  129  11:47  Archon  
  129  11:52  Zealot  
  131  11:57  Nexus  
  131  12:11  High Templar  
  131  12:12  Gateway, High Templar  
  131  12:14  Zealot x4  
  143  12:16  Archon, Zealot  
  143  12:17  Zealot  
  125  12:36  Zealot x3  
  111  12:39  Zealot x4  
  111  12:41  Warp Prism  
  93  12:50  High Templar x2  
  77  12:53  Photon Cannon  
  77  12:54  Archon  
  77  13:00  High Templar  
  77  13:01  High Templar x3, Zealot  
  77  13:02  Zealot x2  
  77  13:04  Assimilator  
  91  13:07  Assimilator, Photon Cannon  
  91  13:09  Photon Cannon, Archon  
  91  13:10  Archon  
  91  13:11  Shield Battery  
  91  13:17  Robotics Bay, Immortal  
  95  13:22  Robotics Facility  
  95  13:25  Stalker  
  97  13:29  Zealot x5  
  105  13:38  Zealot x4  
  103  13:48  Zealot  
  103  13:49  Zealot x3  
  105  14:08  Zealot x4  
  105  14:09  Zealot  
  100  14:10  Zealot  
Show
View Real Time Build Order
Export as new Build Order

GunGFuBanDa Protoss - Winner!

Build Orders: Oracle Opening 

Get SALT Encoding   

  12  0:00  Probe  
  13  0:12  Probe  
  14  0:17  Pylon  
  14  0:24  Probe (Chrono Boost)  
  16  0:37  Gateway, Probe (Chrono Boost)  
  16  0:42  Probe (Chrono Boost)  
  16  0:47  Assimilator  
  17  0:51  Probe  
  17  0:54  Assimilator  
  18  1:03  Probe (Chrono Boost)  
  19  1:07  Gateway  
  19  1:13  Probe (Chrono Boost)  
  19  1:18  Probe (Chrono Boost)  
  20  1:24  Cybernetics Core  
  21  1:29  Probe  
  22  1:37  Pylon  
  22  1:42  Probe  
  23  1:55  Probe  
  23  2:00  Adept x2, Warp Gate  
  28  2:14  Pylon  
  29  2:19  Stargate  
  28  2:27  Pylon  
  28  2:33  Stalker  
  30  2:41  Stalker  
  32  2:59  Nexus  
  32  3:06  Oracle (Chrono Boost)  
  35  3:15  Probe  
  36  3:30  Pylon  
  36  3:34  Oracle (Chrono Boost)  
  39  3:43  Twilight Council  
  39  3:48  Probe  
  38  4:00  Probe  
  38  4:01  Stalker x2  
  43  4:12  Probe  
  42  4:19  Phoenix (Chrono Boost)  
  42  4:22  Probe  
  43  4:31  Stalker  
  43  4:34  Probe  
  43  4:35  Probe  
  41  4:46  Probe (Chrono Boost)  
  41  4:52  Stalker  
  45  4:56  Shield Battery, Probe (Chrono Boost)  
  45  4:58  Probe (Chrono Boost)  
  46  5:04  Probe (Chrono Boost)  
  47  5:08  Stalker  
  47  5:09  Probe  
  50  5:15  Probe  
  51  5:30  Blink (Chrono Boost)  
  51  5:32  Nexus  
  51  5:37  Probe (Chrono Boost)  
  51  5:39  Probe (Chrono Boost)  
  53  5:45  Pylon  
  53  5:49  Probe (Chrono Boost)  
  54  5:52  Forge  
  54  5:53  Sentry  
  54  5:55  Probe x2 (Chrono Boost)  
  58  6:03  Pylon, Probe  
  59  6:09  Probe  
  60  6:12  Assimilator  
  60  6:13  Protoss Ground Weapons Level 1 (Chrono Boost)  
  60  6:18  Probe (Chrono Boost)  
  61  6:19  Gateway  
  61  6:22  Gateway, Probe (Chrono Boost)  
  62  6:27  Pylon  
  62  6:28  Sentry  
  62  6:32  Probe (Chrono Boost)  
  65  6:34  Probe (Chrono Boost)  
  65  6:37  Photon Cannon  
  64  6:41  Probe (Chrono Boost)  
  64  6:44  Photon Cannon  
  64  6:46  Probe (Chrono Boost)  
  64  6:47  Probe (Chrono Boost)  
  67  6:55  Stalker x2  
  67  6:57  Probe x2 (Chrono Boost)  
  67  6:59  Shield Battery  
  73  7:02  Probe (Chrono Boost)  
  73  7:04  Probe  
  73  7:06  Robotics Facility  
  73  7:08  Probe  
  75  7:13  Probe  
  76  7:16  Probe  
  76  7:20  Probe  
  76  7:21  Charge (Chrono Boost)  
  78  7:22  Gateway  
  78  7:24  Gateway  
  78  7:25  Probe  
  78  7:28  Probe  
  80  7:34  Stalker x3  
  84  7:37  Stalker  
  87  7:44  Probe  
  87  7:45  Probe  
  87  7:49  Gateway  
  87  7:50  Gateway  
  88  7:55  Observer  
  89  8:00  Assimilator, Pylon, Probe x2  
  89  8:02  Assimilator  
  89  8:05  Protoss Ground Weapons Level 2 (Chrono Boost)  
  91  8:09  Probe  
  91  8:10  Nexus  
  92  8:15  Photon Cannon  
  92  8:16  Warp Prism  
  94  8:25  Pylon  
  94  8:28  Pylon  
  94  8:35  Assimilator, Zealot x3  
  100  8:41  Templar Archives  
  100  8:44  Pylon, Immortal  
  100  8:50  Probe  
  100  8:54  Probe  
  100  8:55  Probe  
  107  8:56  Shield Battery  
  107  8:59  Zealot x3  
  107  9:00  Zealot  
  115  9:04  Zealot x2  
  119  9:16  Pylon  
  119  9:17  High Templar x2  
  119  9:21  Pylon x2, Archon  
  123  9:24  High Templar x2  
  123  9:25  Zealot x3  
  123  9:29  Archon  
  133  9:35  High Templar  
  133  9:37  Zealot  
  135  9:40  Probe  
  136  9:46  Gateway x2  
  136  9:47  High Templar  
  136  9:48  High Templar  
  136  9:50  Zealot  
  136  9:51  High Templar x2  
  136  9:52  Archon  
  146  9:55  Archon  
  146  10:08  Zealot x3  
  114  10:31  Stalker x8  
  128  10:36  Shield Battery  
  128  10:37  Shield Battery  
  116  10:53  Zealot x2  
  116  10:54  Zealot x8  
  106  11:10  Probe x2  
  104  11:15  High Templar x3  
  104  11:16  High Templar x3  
  104  11:17  Zealot x4  
  114  11:18  Warp Prism (Chrono Boost)  
  114  11:20  Assimilator, Archon x3  
  114  11:23  Probe  
  114  11:24  Probe  
  118  11:26  Shield Battery  
  118  11:27  Pylon  
  118  11:37  High Templar x2  
  118  11:38  Zealot x2  
  126  11:42  Archon  
  126  11:44  Warp Prism (Chrono Boost)  
  128  11:47  Zealot  
  128  11:48  Pylon, Zealot x5  
  140  11:58  Nexus  
  140  12:06  Zealot x2  
  144  12:12  High Templar x4  
  144  12:13  Zealot x3  
  144  12:14  Zealot  
  160  12:17  Archon x2  
  145  12:34  Zealot x4  
  145  12:35  Zealot x2  
  115  12:47  High Templar x2  
  115  12:48  High Templar x2  
  117  12:52  Photon Cannon, Archon x2  
  117  12:53  Observer (Chrono Boost), Photon Cannon  
  117  12:55  Shield Battery  
  117  12:57  Zealot x6  
  117  12:58  Photon Cannon, Probe x2  
  130  12:59  Probe  
  133  13:07  Observer (Chrono Boost)  
  133  13:12  Probe x3  
  137  13:14  Probe  
  137  13:17  Stalker x6  
  150  13:22  Dark Shrine  
  134  13:42  Stalker x6  
  134  13:43  Stalker x2  
  134  13:44  Zealot x2  
  150  13:59  Probe  
  151  14:04  Zealot x4  
  151  14:08  Zealot x6  

Tags
 
Add a new tag
Caveats
  • Supply blocks, unpowered buildings, or Contaminate may cause inaccurate times.
  • Supply counts are checked every 10 seconds.